 Dungeon Crawl Stone Soup version 0.28-a0-519-gbfeecf2fc5 (webtiles) character file.

Game seed: 12724821028324245585

1648 robertstho the Chopper (level 8, -2/106 HPs)
             Began as a White Draconian Berserker on Sept 23, 2021.
             Was a Priest of Trog.
             Succumbed to a scorpion's poison
             ... on level 6 of the Dungeon.
             The game lasted 00:08:49 (5806 turns).

robertstho the Chopper (White Draconian Berserker)  Turns: 5806, Time: 00:08:50

Health: -2/106     AC:  9    Str: 22    XL:     8   Next: 67%
Magic:  17/17      EV: 14    Int:  8    God:    Trog [***...]
Gold:   323        SH:  0    Dex: 13    Spells: 7/7 levels left

rFire   . . .      SeeInvis .   p - +0 war axe
rCold   + + .      Faith    .   (no shield)
rNeg    . . .      Spirit   .   (armour unavailable)
rPois   .          Reflect  .   (helmet restricted)
rElec   +          Harm     .   o - +1 cloak "Duczud" {rElec}
rCorr   .          Rampage  .   (no gloves)
Will    .....                   s - +0 pair of boots
Stlth   ..........              (no amulet)
HPRegen 0.27/turn               t - ring of Hofor {Fly MP+9 Dex+3}
MPRegen 0.15/turn               w - ring of protection from cold

@: berserking (expiring), lethally poisoned (-2 -> -20), flying, very quick
A: breathe frost, AC +6, unfitting armour, cold resistance 1, cold-blooded
a: Breathe Frost, Renounce Religion, Berserk, Trog's Hand


You were on level 6 of the Dungeon.
You worshipped Trog.
Trog was most pleased with you.
You visited 1 branch of the dungeon, and saw 6 of its levels.

You collected 323 gold pieces.

Inventory:

Hand Weapons
 p - a +0 war axe (weapon)
Armour
 o - the +1 cloak "Duczud" (worn) {rElec}
   (You found it on level 4 of the Dungeon)

   rElec:     It insulates you from electricity.
 s - a +0 pair of boots (worn)
Jewellery
 t - the ring of Hofor (left hand) {Fly MP+9 Dex+3}
   (You found it on level 4 of the Dungeon)

   [ring of flight]

   Dex:       It affects your dexterity (+3).
   MP:        It affects your magic capacity (+9).
   Fly:       It grants you flight.
 w - a ring of protection from cold (right hand)
Wands
 h - a wand of charming (11)
 l - a wand of iceblast (34)
Scrolls
 a - a scroll of summoning
 b - a scroll of identify
 c - a scroll of fear
 f - 4 scrolls of teleportation
 g - a scroll of magic mapping {unknown}
 i - a scroll of enchant armour {unknown}
 j - a scroll of noise {unknown}
 m - a scroll of holy word {unknown}
 n - a scroll of brand weapon {unknown}
 r - a scroll of immolation
Potions
 d - 2 potions of might
 e - 4 potions of curing
 k - a potion of magic
 u - 3 potions of attraction
 v - a potion of resistance {unknown}
 x - a potion of haste
 z - a potion of cancellation


   Skills:
 * Level 6.8 Fighting
 + Level 7.6 Axes
 * Level 6.1 Dodging
 + Level 1.5 Stealth
 + Level 1.0 Evocations


You had 7 spell levels left.
You didn't know any spells.
Your spell library was empty.

Dungeon Overview and Level Annotations

Branches:
Dungeon (6/15)             Temple (0/1) D:4

Altars:
Ashenzari
Makhleb
Okawaru
Ru
Sif Muna
Xom
Zin

Annotations:
D:5 2 runed translucent doors, SirDiesAlot's ghost, weakling MiDe


Innate Abilities, Weirdness & Mutations

You can breathe waves of freezing cold which knock back foes.
Your icy white scales are hard. (AC +6)
You cannot fit into any form of body armour.
Your flesh is cold resistant. (rC+)
You are cold-blooded and may be slowed by cold attacks.


Message History

A red film seems to cover your vision as you go berserk!
You feel yourself moving faster!
You feel mighty!
You feel very sick. The scorpion stings you.
You are more poisoned.
The scorpion poisons you!
You barely miss the two-headed ogre.
The two-headed ogre is lightly wounded.
You barely miss the scorpion.
You feel very sick. The two-headed ogre barely misses you.
The two-headed ogre hits you with a +0 giant club.
The scorpion stings you.
You hit the two-headed ogre.
The two-headed ogre is moderately wounded.
You closely miss the scorpion.
You feel sick. The scorpion stings you.
You are more poisoned.
The scorpion poisons you!
The two-headed ogre hits you with a +0 giant club!!
* * * LOW HITPOINT WARNING * * *
The two-headed ogre hits you with a +0 giant club.
* * * LOW HITPOINT WARNING * * *
You barely miss the two-headed ogre.
The two-headed ogre is moderately wounded.
You closely miss the scorpion.
* * * LOW HITPOINT WARNING * * *
You feel very sick. The scorpion stings you.
* * * LOW HITPOINT WARNING * * *
You are more poisoned.
The scorpion poisons you!
* * * LOW HITPOINT WARNING * * *
You feel very sick.
You feel a strong urge to attack something.
* * * LOW HITPOINT WARNING * * *
You feel very sick.
* * * LOW HITPOINT WARNING * * *
You feel very sick.
You feel your anger nearly subside.
You die...

###### ##.....##
#.......## .........#
.........# .........# #
.......[.########### ..
........O..@........ ...
(.......s....###### ..
..........##...## ####.#
..........####..###....#
..........#####.>...#
...................##
#........###.......#
#.....#.# #.......#
####.. #.##.#..#


You could see a two-headed ogre and a scorpion.

Vanquished Creatures
  A water moccasin (D:5)
  3 sky beasts (D:5)
  A black bear (D:5)
  An ice beast (D:6)
  An ogre (D:4)
  2 centaurs (D:6)
  A phantom (D:4)
  A scorpion (D:6)
  A howler monkey (D:4)
  4 crimson imps (D:3)
  2 centaur zombies
  A hound (D:5)
  A bullfrog skeleton (D:4)
  Jessica (D:3)
  Ijyb (D:4)
  An iguana (D:4)
  A hound zombie (D:5)
  A hound skeleton (D:2)
  Robin (D:4)
  9 gnolls
  5 adders
  A shadow imp (D:4)
  A white imp (D:5)
  An ufetubus (D:5)
  An adder skeleton (D:5)
  5 worms
  3 dart slugs
  9 orcs
  10 endoplasms
  4 giant cockroaches
  13 goblins
  8 hobgoblins
  3 jackals (D:2)
  5 kobolds
  5 quokkas
  10 ball pythons
  5 bats
  3 frilled lizards
  5 rats
132 creatures vanquished.

Vanquished Creatures (others)
  5 plants
5 creatures vanquished.

Grand Total: 137 creatures vanquished

Notes
Turn   | Place    | Note
-------+----------+-------------------------------------------
     0 | D:1      | robertstho the Draconian Berserker began the quest for the
                  | Orb.
     0 | D:1      | Reached XP level 1. HP: 19/19 MP: 1/1
    30 | D:1      | Found a faded altar of an unknown god.
    50 | D:1      | Reached XP level 2. HP: 12/26 MP: 2/2
   618 | D:1      | Reached XP level 3. HP: 33/33 MP: 3/3
  1061 | D:2      | Reached ** piety under Trog
  1253 | D:2      | Reached XP level 4. HP: 40/40 MP: 4/4
  2142 | D:3      | Reached skill level 4 in Axes
  2285 | D:3      | Reached XP level 5. HP: 47/47 MP: 5/5
  2510 | D:3      | Found a shimmering altar of Xom.
  2767 | D:3      | Noticed Jessica
  2774 | D:3      | Killed Jessica
  2775 | D:3      | Reached XP level 6. HP: 54/55 MP: 6/6
  3506 | D:4      | Reached skill level 5 in Axes
  3512 | D:4      | Found a staircase to the Ecumenical Temple.
  3516 | D:4      | Identified the +1 cloak "Duczud" {rElec}
  3722 | D:4      | Reached skill level 5 in Fighting
  3729 | D:4      | Noticed Ijyb
  3745 | D:4      | Killed Ijyb
  3746 | D:4      | Reached skill level 1 in Evocations
  3746 | D:4      | Your scales start taking on an icy white colour.
  3746 | D:4      | Reached XP level 7. HP: 33/61 MP: 7/7
  3746 | D:4      | Gained mutation: Your flesh is cold resistant. (rC+) [White
                  | Draconian growth]
  3962 | D:4      | Reached skill level 1 in Stealth
  3963 | D:4      | Noticed Robin
  3967 | D:4      | Reached *** piety under Trog
  3975 | D:4      | Killed Robin
  4220 | D:4      | Found an iron altar of Okawaru.
  4224 | D:4      | Identified the ring of Hofor {Fly MP+9 Dex+3}
  4234 | D:4      | Found a broken altar of Ashenzari.
  4258 | D:4      | Reached skill level 5 in Dodging
  4661 | D:5      | Entered Level 5 of the Dungeon
  4673 | D:5      | Reached skill level 6 in Axes
  4739 | D:5      | Found a burning altar of Makhleb.
  4914 | D:5      | Reached XP level 8. HP: 53/70 MP: 8/8
  5038 | D:5      | Found a glowing silver altar of Zin.
  5063 | D:5      | Found a large runed translucent door.
  5074 | D:5      | Found a large runed translucent door.
  5076 | D:5      | Noticed SirDiesAlot's ghost (weakling MiDe)
  5235 | D:5      | Reached skill level 7 in Axes
  5295 | D:5      | Found a sacrificial altar of Ru.
  5762 | D:6      | Found a shimmering blue altar of Sif Muna.
  5792 | D:6      | Noticed a two-headed ogre
  5804 | D:6      | HP: 4/106 [poisoned by a scorpion]
  5805 | D:6      | HP: 1/106 [poisoned by a scorpion]
  5806 | D:6      | Succumbed to a scorpion's poison

Illustrated notes

Levels and vault maps discovered:
D:1:      minmay_arrival_three_doors, layout_rooms,
          dreamdust_ecumenical_altar_grove
D:2:      layout_basic
D:3:      wad_lake_hut, layout_basic, led_xom_imps, minmay_misc_feat_hallway,
          uniq_jessica
D:4:      layout_basic, jmf_multi_god_temple, minmay_temple_entry_steel_oval,
          minmay_three_crescents, uniq_robin, uniq_ijyb
D:5:      layout_rooms, zin_scriptorium, mainiacjoe_overflow_catch_the_wave,
          ebering_ghost_disaster_area
D:6:      layout_rooms, led_sif_pool

Skill      XL: |  1  2  3  4  5  6  7  8 |
---------------+-------------------------+-----
Dodging        | 3 4 5 6 |  6.1
Fighting       | 4 5 6 |  6.8
Axes           | 4 5 6 7 |  7.6
Evocations     | 1 |  1.0
Stealth        | 1 |  1.5

Action                   |  1- 3 |  4- 6 |  7- 9 || total
-------------------------+-------+-------+-------++-------
Melee: Hand axe          |   131 |   194 |       ||   325
       Tailslap          |    17 |    32 |    30 ||    79
       War axe           |       |    23 |   157 ||   180
Invok: Berserk           |     2 |     6 |     5 ||    13
       Trog's Hand       |       |     1 |       ||     1
 Abil: Breathe Frost     |       |       |     1 ||     1
Evoke: Wand              |       |     2 |       ||     2
  Use: Scroll            |       |       |    11 ||    11
 Stab: Sleeping          |       |     1 |       ||     1
Armor: Skin              |    44 |    63 |    93 ||   200
Dodge: Dodged            |   107 |   123 |   135 ||   365

Table legend: (Time is in decaauts)
 A = Elapsed time spent in this place.
 B = Non-inter-level travel time spent in this place.
 C = Inter-level travel time spent in this place.
 D = Time resting spent in this place.
 E = Time spent auto-exploring this place.
 F = Levels seen in this place.
 G = Mean time per level.
                   A        B        C        D        E       F      G
               +--------+--------+--------+--------+--------+-----+--------+
         Total |   6022 |   5880 |    142 |    581 |   4112 |   6 | 1003.7 |
       Dungeon |   6022 |   5880 |    142 |    581 |   4112 |   6 | 1003.7 |
               +--------+--------+--------+--------+--------+-----+--------+

Top non-repeatable levels by time:
     D:3: 1434 daAuts
     D:4: 1221 daAuts
     D:2: 1219 daAuts
     D:5: 1014 daAuts
     D:1: 956 daAuts
     D:6: 175 daAuts
